 Dungeon Sprint DCSS version 0.31-a0-345-g1ebeae05c6 (webtiles) character file.

Game seed: 1023383633242768863

3 rocky1 the Changeling (level 1, -3/13 HPs)
             Began as an Octopode Shapeshifter on July 23, 2023.
             Slain by a human (9 damage)
             ... in the Dungeon (Sprint III: "The Ten Rune Challenge").
             The game lasted 00:00:23 (63 turns).

rocky1 the Changeling (Octopode Shapeshifter)         Turns: 63, Time: 00:00:24

Health: -3/13      AC:  1    Str: 14    XL:     1   Next: 50%
Magic:  1/1        EV: 13    Int: 10    God:
Gold:   4          SH:  0    Dex: 12    Spells: 0/0 levels left

rFire   . .          .
                       - Unarmed
rCold   . . .        (no shield)
rNeg    . . .        (helmet currently unavailable)
rPois   .            (no amulet)
rElec   .            (no ring)
rCorr   .            (no ring)
SInv    .            (no ring)
Will    .....        (no ring)
Stlth   ++           (no ring)
HPRegen 0.22/turn    (no ring)
MPRegen 0.07/turn    (no ring)
                     (no ring)

%: no teleportation
@: beast-form, hasted, very quick
A: beast (slay +2), almost no armour, amphibious, 8 rings, camouflage 1,
gelatinous body 1, (nimble swimmer 1), tentacles
a: Begin Untransformation


You were in the Dungeon.
You were a hulking beast.
You visited 1 branch You collected 4 gold pieces.

Inventory:

Magical Staves
 i - a staff of death
Talismans
 b - a beast talisman
Scrolls
 h - a scroll of blinking
Potions
 a - a potion of lignification
 c - a potion of curing
 d - a potion of heal wounds
 f - 2 potions of magic
 g - a potion of berserk rage


   Skills:
 + Level 1.0 Fighting
 + Level 2.1 Dodging
 + Level 0.1 Stealth
 + Level 3.5 Unarmed Combat
 + Level 3.5 Shapeshifting


You couldn't memorise any spells.
You didn't know any spells.
Your spell library was empty.

Dungeon Overview and Level Annotations

Branches:
Dungeon (1/1)

Altars:


Innate Abilities, Weirdness & Mutations

You are a hulking beast.
Your limbs bulge with bestial killing power. (Slay +2)
You cannot wear most types of armour.
You are amphibious.
You can wear up to eight rings at the same time.
Your skin changes colour to match your surroundings (Stealth+).
Your rubbery body absorbs attacks. (AC +1, EV +1)
((You are camouflaged when in or above water. (Stealth+)))
You have tentacles for arms and can constrict up to eight enemies at once.


Message History

The endoplasm completely misses you.
You barely miss the endoplasm. You squeeze the endoplasm.
You kill the endoplasm!
No target in view!
You now have 4 gold pieces.
A rat comes into view.
You tentacle-slap the rat. You grab the rat. You squeeze the rat.
You kill the rat!
No target in view!
You see here a staff of death.
i - a staff of death You see here a rat corpse.
A rat comes into view.
The helpless rat fails to defend itself.
You tentacle-slap the rat. You grab the rat.
The rat is moderately wounded.
You constrict the rat. The rat misses you.
You tentacle-slap the rat.
You kill the rat!
A human comes into view.
The human shouts!
You tentacle-slap the human but do no damage.
Your grab misses the human. The human barely misses you.
You tentacle-slap the human but do no damage.
Your grab misses the human. The human misses you.
You tentacle-slap the human but do no damage.
Your grab misses the human.
You squeeze the human, but do no damage.
The human barely misses you.
You bludgeon the human! Your grab misses the human.
The human is moderately wounded.
The human hits you!
Ouch! That really hurt!
You are too injured to fight recklessly!
You are too injured to fight recklessly!
You are too injured to fight recklessly!
Okay, then.
You feel yourself speed up. The human hits you!
Ouch! That really hurt!
You die...

▓..##...†...#
▓##.##.##...# .#
##.##.###..# ..#
▓#.####.##..# ...+
▓.###..##..##
#...# ▓#..†..##..#
#....#
###..##†..##.....#
##..##....#p.....#
#..###..##h# #..#
#.. ### ▓▓▓▓ ▓▓▓


You could see a human.

Vanquished Creatures
  An endoplasm (D)
  3 rats (D)
4 creatures vanquished.

Notes
Turn   | Place    | Note
-------+----------+-------------------------------------------
     0 | D        | rocky1 the Octopode Shapeshifter began the quest for the
                  | Orb.
     0 | D        | Reached XP level 1. HP: 13/13 MP: 1/1
    63 | D        | Slain by a human

Illustrated notes

Levels and vault maps discovered:
D:        dungeon_sprint_mu [sprint_mu_entry_cave, sprint_mu_temple_rooms,
          sprint_mu_d1_horrors, sprint_mu_d2_genie, sprint_mu_d3_branching,
          sprint_mu_orc_legion, sprint_mu_elf_gauntlet, sprint_mu_hive_nellie,
          sprint_mu_lair_fedhas, sprint_mu_vaults_butterflies,
          sprint_mu_slime_circle, sprint_mu_swamp_cave, sprint_mu_shoals_archi,
          sprint_mu_blade_basic, sprint_mu_crypt_fortress,
          sprint_mu_tomb_spiral, sprint_mu_vestibule_basic,
          sprint_mu_gehenna_hellfire, sprint_mu_dis_giant,
          sprint_mu_tartarus_statrot, sprint_mu_cocytus_islands, sprint_mu_zot1]

Action                     || total
---------------------------++-------
  Melee: Unarmed           ||    10
         Tentacles         ||     3
         Constrict         ||     2
    Use: Potion            ||     1
   Stab: Sleeping          ||     2
  Dodge: Dodged            ||     6

Table legend: (Time is in decaauts)
 A = Elapsed time spent in this place.
 B = Non-inter-level travel time spent in this place.
 C = Inter-level travel time spent in this place.
 D = Time resting spent in this place.
 E = Time spent auto-exploring this place.
 F = Levels seen in this place.
 G = Mean time per level.
                   A        B        C        D        E       F      G
               +--------+--------+--------+--------+--------+-----+--------+
         Total |     62 |     62 |      0 |      0 |     18 |   1 |   62.0 |
       Dungeon |     62 |     62 |      0 |      0 |     18 |   1 |   62.0 |
               +--------+--------+--------+--------+--------+-----+--------+

Top non-repeatable levels by time:
       D: 62 daAuts
